 Dungeon Crawl Stone Soup version 0.29.1-12-g30fa7ad0bf (webtiles) character file.

Game seed: 15147693300488045312

320 venomsnake the Digger (level 6, 0/32 HPs)
             Began as a Gargoyle Earth Elementalist on Dec 28, 2022.
             Slain by Pikel
             ... wielding a +2 whip of flaming
              (9 damage)
             ... on level 4 of the Dungeon.
             The game lasted 00:15:18 (5286 turns).

venomsnake the Digger (Gargoyle Earth Elementalist) Turns: 5286, Time: 00:15:18

Health: 0/32       AC:  8    Str: 11    XL:     6   Next: 46%
Magic:  3/11       EV: 11    Int: 18    God:
Gold:   198        SH:  0    Dex: 10    Spells: 10/11 levels left

rFire   . . .      SeeInvis .   t - +4 dagger
rCold   . . .      Faith    .   (no shield)
rNeg    + . .      Spirit   .   a - +0 robe
rPois   ∞          Reflect  .   (no helmet)
rElec   +          Harm     .   i - +0 cloak
rCorr   .          Rampage  .   o - +0 pair of gloves
Will    .....                   (no boots)
Stlth   ++........              l - amulet of the acrobat
HPRegen 0.10/turn               (no ring)
MPRegen 0.12/turn               (no ring)

@: no status effects
A: sickness immunity, AC +4, negative energy resistance 1, electricity
resistance, torment resistance 1, petrification resistance
a: no special abilities


You were on level 4 of the Dungeon.
You visited 1 branch of the dungeon, and saw 4 of its levels.

You collected 198 gold pieces.

Inventory:

Hand Weapons
 t - a +4 dagger (weapon)
Armour
 a - a +0 robe (worn)
 i - a +0 cloak (worn)
 o - a +0 pair of gloves (worn)
Jewellery
 l - an amulet of the acrobat (around neck)
Wands
 v - a wand of charming (13)
Scrolls
 e - a scroll of immolation {unknown}
 f - 4 scrolls of teleportation {unknown}
 g - a scroll of poison {unknown}
 h - a scroll of fear {unknown}
 j - 2 scrolls of identify {unknown}
 p - a scroll of magic mapping {unknown}
 r - a scroll of torment {unknown}
 s - 2 scrolls of butterflies {unknown}
 u - a scroll of blinking {unknown}
Potions
 b - a potion of magic
 c - 3 potions of brilliance {unknown}
 d - a potion of mutation {unknown}
 k - a potion of haste {unknown}
 m - 2 potions of curing {unknown}
 n - 2 potions of might {unknown}
 q - a potion of cancellation {unknown}


   Skills:
 - Level 1.5 Dodging
 - Level 2.1 Stealth
 + Level 3.3 Spellcasting
 + Level 3.2 Conjurations
 + Level 2.6 Transmutations
 + Level 5.2 Earth Magic


You had 10 spell levels left.
You knew the following spells:

 Your Spells              Type           Power      Damage    Failure   Level
a - Sandblast             Erth           44%        2d11      1%          1

Your spell library contained the following spells:

 Spells                   Type           Power      Damage    Failure   Level
 Passwall                 Tmut/Erth      14%        N/A       4%          2
 Stone Arrow              Conj/Erth      36%        3d9       9%          3
 Petrify                  Tmut/Erth      17%        N/A       30%         4
 Lee's Rapid Deconstruct  Erth           11%        3d9*      45%         5
 Freezing Cloud           Conj/Ice/Air   3%         6-21      96%         5


Dungeon Overview and Level Annotations

Branches:
Dungeon (4/15)
 Temple: D:4-7

Altars:

Shops:
D:4 :

Annotations:
D:4 Menkaure, Pikel


Innate Abilities, Weirdness & Mutations

You are immune to sickness and miasma.
Your stone body is resilient. (AC +4)
You are immune to poison.
You resist negative energy. (rN+)
You are resistant to electric shocks. (rElec)
You are resistant to unholy torment.
You are immune to petrification.


Message History

Pikel hits you with a +2 whip of flaming.
Pikel burns you.
Pikel hits you with a +2 whip of flaming.
Pikel burns you.
Casting: Sandblast (safe; 1% risk of failure)
Confirm with . or Enter, or press ? or * to list all spells.
Aiming: Sandblast (safe; 1% risk of failure)
Press: ? - help, Shift-Dir - straight line, f/p - Pikel
Aim: Pikel, wielding a +2 whip of flaming and wearing a +0 robe (lightly wounded, 79% to hit)
The blast of sand hits Pikel!
Pikel is moderately wounded.
Pikel hits you but does no damage.
Casting: Sandblast (safe; 1% risk of failure)
Confirm with . or Enter, or press ? or * to list all spells.
Aiming: Sandblast (safe; 1% risk of failure)
Press: ? - help, Shift-Dir - straight line, f/p - Pikel
Aim: Pikel, wielding a +2 whip of flaming and wearing a +0 robe (moderately wounded, 79% to hit)
The blast of sand misses Pikel.
The blast of sand hits the lemure.
The lemure is lightly wounded.
Pikel barely misses you. x2; The lemure hits you.
Casting: Sandblast (safe; 1% risk of failure)
Confirm with . or Enter, or press ? or * to list all spells.
Aiming: Sandblast (safe; 1% risk of failure)
Press: ? - help, Shift-Dir - straight line, f/p - Pikel
Aim: Pikel, wielding a +2 whip of flaming and wearing a +0 robe (moderately wounded, 79% to hit)
The blast of sand hits Pikel.
Pikel is heavily wounded.
Pikel hits you with a +2 whip of flaming.
Pikel burns you.
* * * LOW HITPOINT WARNING * * *
The lemure hits you but does no damage.
Casting: Sandblast (safe; 1% risk of failure)
Confirm with . or Enter, or press ? or * to list all spells.
Aiming: Sandblast (safe; 1% risk of failure)
Press: ? - help, Shift-Dir - straight line, f/p - Pikel
Aim: Pikel, wielding a +2 whip of flaming and wearing a +0 robe (heavily wounded, 79% to hit)
The blast of sand hits Pikel.
Pikel is severely wounded.
Pikel hits you with a +2 whip of flaming!
You die...

#.......K....###.#########
##........##.# #.#
#......[....# #.#
##..).[#.######.#
#.(.))#.#####..#
#.#)##.........#
#.#.##..#####..# #....#5K#
#.## #..#...@# #.#
##...##<# #.#
##.###........ #.
........# ## ########.# .o
.. .#


You could see Pikel and a lemure.

Vanquished Creatures
  3 lemures
  4 jellies
  An orc priest (D:4)
  Ijyb (D:4)
  2 adders
  A white imp (D:4)
  An ufetubus (D:4)
  3 dart slugs
  11 orcs
  13 endoplasms
  5 giant cockroaches
  8 goblins
  3 hobgoblins
  3 jackals (D:1)
  14 kobolds
  8 ball pythons
  7 bats
  A frilled lizard (D:3)
  12 rats
101 creatures vanquished.

Vanquished Creatures (others)
  9 fungi
  11 toadstools (D:3)
20 creatures vanquished.

Grand Total: 121 creatures vanquished

Notes
Turn   | Place    | Note
-------+----------+-------------------------------------------
     0 | D:1      | venomsnake the Gargoyle Earth Elementalist began the quest
                  | for the Orb.
     0 | D:1      | Reached XP level 1. HP: 10/10 MP: 3/3
   179 | D:1      | Reached skill level 1 in Transmutations
   224 | D:1      | Reached XP level 2. HP: 2/15 MP: 0/5
  1316 | D:1      | Reached skill level 1 in Conjurations
  1373 | D:1      | Reached skill level 4 in Earth Magic
  1744 | D:2      | Reached XP level 3. HP: 19/19 MP: 4/6
  2314 | D:2      | Got the Secrets of the Geological Nimbus
  2742 | D:3      | Reached XP level 4. HP: 23/24 MP: 1/7
  2841 | D:3      | Found a faded altar of an unknown god.
  3662 | D:3      | Reached XP level 5. HP: 28/28 MP: 6/9
  3980 | D:4      | Found Dudoucist's Book Shop.
  4026 | D:4      | Noticed Menkaure
  4089 | D:4      | Noticed Ijyb
  4134 | D:4      | Killed Ijyb
  4135 | D:4      | Reached skill level 5 in Earth Magic
  4319 | D:4      | Reached XP level 6. HP: 25/32 MP: 10/10
  5202 | D:4      | Noticed Pikel
  5286 | D:4      | Slain by Pikel

Illustrated notes

Levels and vault maps discovered:
D:1:      roderic_dead_forest, layout_loops_corners, serial_co_window_serial,
          co_window_paths_a, co_window_paths_a, co_window_corner_a,
          co_window_paths_a, co_window_paths_b, co_window_corner_a,
          co_window_corner_cb, co_window_corner_b, co_window_corner_b,
          co_window_corner_cb, co_window_corner_ca, co_window_paths_c,
          co_window_paths_c, co_window_paths_e, co_window_4corner_b,
          glass_columns_a, glass_columns_a, glass_columns_a, glass_columns_a,
          glass_columns_a
D:2:      layout_basic, minmay_rat_gold_closets
D:3:      cheibrodos_fertilizer, layout_basic,
          hellmonk_ecumenical_altar_lost_god, st_stairs_1
D:4:      layout_loops_ring, serial_shops, shop, uniq_pikel, uniq_menkaure,
          uniq_crazy_yiuf_cottage, uniq_ijyb

Skill      XL: |  1  2  3  4  5  6 |
---------------+-------------------+-----
Transmutations | 1 2 |  2.6
Conjurations   | 1 2 3 |  3.2
Earth Magic    | 4 5 |  5.2
Spellcasting   | 3 |  3.3
Dodging        | |  1.5
Stealth        | |  2.1

Action                   |  1- 3 |  4- 6 || total
-------------------------+-------+-------++-------
Melee: Dagger            |       |    17 ||    17
 Cast: Sandblast         |    69 |    99 ||   168
Armor: Robe              |    20 |    20 ||    40
Dodge: Dodged            |    51 |    34 ||    85
